 Dungeon Crawl Stone Soup version 0.32-a0-893-gf85d74f360 (webtiles) character file.

Game seed: 8711418505785693836

10562 ragingrage the Cleaver (level 11, -3/117 HPs)
             Began as an Oni Shapeshifter on Apr 3, 2024.
             Was an Elder of Nemelex Xobeh.
             Slain by a troll (11 damage)
             ... on level 11 of the Dungeon on Apr 4, 2024.
             The game lasted 00:21:32 (15265 turns).

ragingrage the Cleaver (Oni Shapeshifter)          Turns: 15265, Time: 00:21:32

Health: -3/117     AC:  6    Str: 30    XL:     11   Next: 64%
Magic:  14/14      EV:  8    Int: 11    God:    Nemelex Xobeh [****..]
Gold:   493        SH:  0    Dex:  8    Spells: 10/10 levels left

rFire   . . .        r - +4 hand axe (elec)
rCold   + . .        (no shield)
rNeg    . . .        f - +0 animal skin
rPois   .            (helmet restricted)
rElec   .            Q - +2 cloak
rCorr   .            (gloves unavailable)
SInv    .            (boots unavailable)
Will    +....        L - amulet of faith
Stlth   +            w - ring of protection from cold
HPRegen 0.39/turn    e - +6 ring of strength
MPRegen 0.14/turn

%: faith
@: confused, marked
A: large, unfitting armour, horns 1, tough skin 1, double potion healing,
drunken brawling
a: Renounce Religion, Draw Escape, Draw Destruction, Draw Summoning, Triple
Draw, Deal Four


You were on level 11 of the Dungeon.
You worshipped Nemelex Xobeh.
Nemelex Xobeh was greatly pleased with you.
You visited 2 branches of the dungeon, and saw 12 of its levels.
You also visited: Sewer.

You collected 493 gold pieces.

Inventory:

Hand Weapons
 a - a +1 dagger of draining
 b - a +2 dagger of venom
 r - a +4 hand axe of electrocution (weapon)
 M - the +5 falchion of the Wary Xenops {flame, Int+2}
   (You found it on level 8 of the Dungeon)

   Int+2:     It affects your intelligence (+2).
Missiles
 n - 4 throwing nets
 o - a curare-tipped dart
 F - 3 boomerangs
 I - 4 javelins
 R - 30 poisoned darts (quivered)
Armour
 f - a +0 animal skin (worn)
 Q - a +2 cloak (worn)
 S - a +0 troll leather armour
Jewellery
 e - a +6 ring of strength (right hand)
 v - a ring of positive energy
 w - a ring of protection from cold (left hand)
 J - a ring of resist corrosion
 L - an amulet of faith (around neck)
 N - an amulet of the acrobat
Talismans
 c - a beast talisman
 d - a flux talisman
 t - a blade talisman
 P - a maw talisman
Wands
 p - a wand of acid (11)
 y - a wand of charming (6)
 O - a wand of roots (7)
Scrolls
 g - 4 scrolls of enchant weapon
 h - a scroll of blinking
 j - 4 scrolls of revelation
 l - a scroll of enchant armour
 m - a scroll of vulnerability
 u - a scroll of fog {unknown}
 x - a scroll of poison
 B - a scroll of noise
Potions
 k - a potion of attraction
 q - 3 potions of heal wounds
 s - 3 potions of enlightenment
 z - 3 potions of might
 A - a potion of degeneration
 C - 3 potions of lignification
 D - 2 potions of mutation
 E - 3 potions of magic
 G - a potion of haste {unknown}
 H - a potion of cancellation {unknown}


   Skills:
 - Level 10.0 Fighting
 - Level 5.3 Short Blades
 * Level 13.1 Axes
 - Level 1.7 Dodging
 - Level 2.0 Stealth
 - Level 3.5 Unarmed Combat
 - Level 5.0 Invocations
 + Level 1.7 Evocations
 - Level 5.0 Shapeshifting


You had 10 spell levels left.
You didn't know any spells.
Your spell library contained the following spells:

 Spells                   Type           Power      Damage    Failure   Level
 Blink                    Tloc           0%         N/A       47%         2
 Cigotuvi's Dreadful Rot  Necr/Alch/Air  0%         N/A       47%         2
 Lesser Beckoning         Tloc           0%         N/A       47%         2
 Momentum Strike          Conj/Tloc      0%         3d8       47%         2
 Scorch                   Fire           0%         2d5       47%         2
 Dazzling Flash           Conj/Hex       0%         N/A       71%         3
 Maxwell's Portable Pile  Tloc           0%         2d(5-13)  71%         3
 Mephitic Cloud           Conj/Alch/Air  0%         N/A       71%         3
 Tukima's Dance           Hex            0%         N/A       71%         3
 Dimensional Bullseye     Hex/Tloc       0%         N/A       98%         4
 Dispel Undead            Necr           0%         3d6       98%         4
 Flame Wave               Conj/Fire      0%         2d4       98%         4
 Iskenderun's Mystic Bla Conj/Tloc 0%             2d3        (+2d1     98%         4
 Martyr's Knell           Necr/Summ      0%         N/A       98%         4
 Arcjolt                  Conj/Air       0%         1d10      100%        5
 Curse of Agony           Necr           0%         N/A       100%        5
 Silence                  Hex/Air        0%         N/A       100%        5
 Summon Cactus Giant      Summ           0%         N/A       100%        6
 Maxwell's Capacitive Co  Air            0%         ∞         100%        8


Dungeon Overview and Level Annotations

Branches:
Dungeon (11/15)            Temple (1/1) D:5            Lair (0/5) D:10
  Sewer (visited)
    Orc: D:9-12

Altars:
Ashenzari
Cheibriados
Dithmenos
Elyvilon
Fedhas
Gozag
Hepliaklqana
Kikubaaqudgha
Makhleb
Nemelex Xobeh
Okawaru
Qazlal
Ru
Sif Muna
Trog
Uskayaw
Vehumet
Wu Jian
Xom
Yredelemnul
Zin
The Shining One
Lugonu

Shops:
D:8 (

Portals:
Abyss: D:10

Annotations:
D:4 1 runed translucent door, exclusion: water moccasin
D:5 2 transporters, exclusion: downstairs, audacious124's ghost, novice DrSh
D:6 1 runed translucent door, Crazy Yiuf
D:8 exclusion: downstairs
D:11 exclusions: two-headed ogre and ugly thing


Innate Abilities, Weirdness & Mutations

You are too large for most types of armour.
You have a pair of small horns on your head.
You have tough skin. (AC +1)
You gain doubled healing and magic from potions.
Whenever you drink a healing potion, you attack all around you.


Message History

You headbutt the manticore. You slash the yak! The yak gores you!
* * * LOW HITPOINT WARNING * * *
Unknown command.
You take a swig of the potion and twirl your +4 hand axe of electrocution.
You slash the yak! You slash the manticore!
Lightning courses through the manticore!
You kill the manticore!
You savour every drop.
You feel much better.
Your surroundings suddenly seem different. 2 trolls come into view.
The troll shouts!
The two-headed ogre shouts in stereo!
The troll shouts!
Unknown command.
Okay, then.
Unknown command.
You draw a card...
You have drawn the Cloud.
Clouds appear around your foes! The troll bites you!
The troll claws you but does no damage. The troll closely misses you.
You barely miss the two-headed ogre. You hit the troll.
You are engulfed in noxious fumes.
You choke on the stench!
You are confused.
The troll is engulfed in noxious fumes.
The troll bites you but does no damage. The troll claws you! x2
* * * LOW HITPOINT WARNING * * *
The two-headed ogre is engulfed in noxious fumes.
The two-headed ogre appears confused.
You take a swig of the potion and twirl your +4 hand axe of electrocution.
You slash the troll! You hit the two-headed ogre.
Lightning courses through the two-headed ogre!
You savour every drop.
You feel better.
You are engulfed in noxious fumes.
You choke on the stench!
You are confused.
The two-headed ogre is engulfed in noxious fumes.
The two-headed ogre appears confused.
The two-headed ogre hits you with a +0 giant club!!
* * * LOW HITPOINT WARNING * * *
The two-headed ogre hits you with a +0 giant club!!
* * * LOW HITPOINT WARNING * * *
The troll bites you!
You die...
Your body glows slightly and disappears.

#...........##......
#...........##.>....
######.#############
#.# #.# #######+####
#....○○○....
#.○○○○.○.○○○
#.○T@○○○T○.○
#.○○O....○○○
#............
##############


You could see a two-headed ogre (confused) and 2 trolls.

Vanquished Creatures
  Harold (D:11)
  2 two-headed ogres
  A manticore (D:11)
  A rime drake (D:9)
  A gargoyle (D:11)
  An unseen horror (D:11)
  A troll (D:11)
  A polar bear (D:10)
  A hornet (D:9)
  2 shadows (D:9)
  A vampire (D:10)
  A wraith (D:11)
  17 yaks
  A basilisk (D:10)
  A water moccasin (D:8)
  4 orc warriors
  2 sky beasts (D:6)
  6 ice beasts
  A black bear (D:8)
  An ogre (D:4)
  A wolf (D:10)
  3 centaurs
  2 kobold brigands (D:10)
  5 scorpions
  2 bullfrogs (D:6)
  5 wights
  2 howler monkeys (D:9)
  2 hounds
  3 orc priests
  5 jellies
  A gnoll bouda (D:8)
  A sleepcap (D:6)
  4 iguanas
  7 orc wizards
  4 adders
  5 gnolls (D:8)
  4 river rats
  A shadow imp (D:4)
  2 white imps
  4 ribbon worms
  2 dart slugs (D:4)
  27 orcs
  9 ball pythons
  5 bats
  21 endoplasms
  7 giant cockroaches
  3 goblins
  8 hobgoblins
  9 jackals
  2 quokkas
  3 frilled lizards
  2 jackal zombies (D:4)
  19 kobolds
  11 rats
  A lurking horror (D:10)
239 creatures vanquished.

Vanquished Creatures (collateral kills)
  A steam dragon (D:9)
  An ice beast (D:6)
  An orc (D:6)
  6 kobolds (D:9)
9 creatures vanquished.

Vanquished Creatures (others)
  A kobold brigand (D:9)
  A jelly (Sewer)
2 creatures vanquished.

Grand Total: 250 creatures vanquished

Notes
Turn   | Place    | Note
-------+----------+-------------------------------------------
     0 | D:1      | ragingrage the Oni Shapeshifter began the quest for the
                  | Orb.
     0 | D:1      | Reached XP level 1. HP: 19/19 MP: 1/1
   266 | D:1      | Reached XP level 2. HP: 26/28 MP: 2/2
   922 | D:2      | Reached XP level 3. HP: 35/35 MP: 3/3
  1234 | D:2      | Reached skill level 1 in Stealth
  1433 | D:2      | Reached XP level 4. HP: 42/44 MP: 4/4
  2202 | D:3      | Found a faded altar of an unknown god.
  2762 | D:4      | Noticed a water moccasin
  2844 | D:4      | Reached XP level 5. HP: 53/53 MP: 5/5
  3140 | D:5      | Entered Level 5 of the Dungeon
  3273 | D:5      | Reached skill level 1 in Short Blades
  3298 | D:5      | Found an iron altar of Okawaru.
  3299 | D:5      | Found a sparkling altar of Nemelex Xobeh.
  3380 | D:5      | Found a transporter.
  3390 | D:5      | Noticed audacious124's ghost (novice DrSh)
  3400 | D:5      | Found a snail-covered altar of Cheibriados.
  3402 | D:5      | Found a burning altar of Makhleb.
  3409 | D:5      | Found a shadowy altar of Dithmenos.
  3410 | D:5      | Found a glowing silver altar of Zin.
  3412 | D:5      | Found a blossoming altar of Fedhas.
  3413 | D:5      | Found a broken altar of Ashenzari.
  3454 | D:5      | Found a shimmering altar of Xom.
  3470 | D:5      | Reached XP level 6. HP: 49/63 MP: 6/6
  3473 | D:5      | Found a hide-covered altar of Uskayaw.
  3588 | D:5      | Became a worshipper of Nemelex Xobeh the Trickster
  3613 | D:5      | Found a transporter.
  3785 | D:5      | Found a staircase to the Ecumenical Temple.
  3794 | Temple   | Entered the Ecumenical Temple
  4437 | D:4      | Noticed a human
  4438 | D:4      | Found a runed translucent door.
  4443 | D:4      | Found a basalt altar of Yredelemnul.
  4451 | D:4      | Reached skill level 5 in Fighting
  4451 | D:4      | Reached XP level 7. HP: 72/72 MP: 7/7
  4883 | D:6      | Reached * piety under Nemelex Xobeh
  5203 | D:6      | Reached skill level 5 in Shapeshifting
  5263 | D:6      | Found a glowing drain.
  5273 | Sewer    | Entered a sewer
  5759 | Sewer    | Found a shimmering altar of Xom.
  5813 | Sewer    | Reached XP level 8. HP: 81/81 MP: 8/8
  5860 | D:6      | Received a gift from Nemelex Xobeh
  5929 | D:6      | Found a runed translucent door.
  5930 | D:6      | Noticed Crazy Yiuf
  6140 | D:6      | Reached skill level 1 in Invocations
  6200 | D:6      | Received a gift from Nemelex Xobeh
  7280 | D:6      | Reached skill level 5 in Short Blades
  7882 | D:6      | Reached skill level 1 in Axes
  7921 | D:7      | Reached ** piety under Nemelex Xobeh
  8121 | D:6      | Reached XP level 9. HP: 69/94 MP: 12/12
  8205 | D:7      | Reached skill level 2 in Axes
  8581 | D:7      | Received a gift from Nemelex Xobeh
  8634 | D:8      | Identified the +5 falchion of the Wary Xenops {flame,
                  | Int+2}
  8721 | D:8      | Reached skill level 3 in Axes
  8849 | D:8      | Found Mulask's Antique Weapon Shoppe.
  8945 | D:8      | Noticed a two-headed ogre
  9616 | D:8      | a two-headed ogre changed into a yak
  9633 | D:8      | Reached skill level 4 in Axes
 10009 | D:9      | Noticed a hornet
 10078 | D:9      | Reached skill level 5 in Invocations
 10124 | D:9      | Killed a hornet
 10125 | D:9      | Reached skill level 5 in Axes
 10330 | D:9      | Reached skill level 6 in Axes
 10479 | D:9      | Reached *** piety under Nemelex Xobeh
 10601 | D:9      | Reached XP level 10. HP: 51/110 MP: 13/13
 10865 | D:9      | Noticed a two-headed ogre
 10872 | D:9      | Killed a two-headed ogre
 10873 | D:9      | Reached skill level 10 in Fighting
 10873 | D:9      | Reached skill level 7 in Axes
 10991 | D:9      | Reached skill level 8 in Axes
 11438 | D:10     | Entered Level 10 of the Dungeon
 11504 | D:9      | Reached skill level 9 in Axes
 12029 | D:10     | Reached skill level 10 in Axes
 12054 | D:10     | Noticed a gargoyle
 12711 | D:10     | Reached skill level 11 in Axes
 12711 | D:10     | Reached XP level 11. HP: 109/117 MP: 14/14
 14169 | D:10     | Received a gift from Nemelex Xobeh
 14275 | D:10     | Found a staircase to the Lair.
 14407 | D:10     | Found a one-way gate to the infinite horrors of the Abyss.
 14409 | D:10     | Found a corrupted altar of Lugonu.
 14507 | D:11     | Noticed a two-headed ogre
 14528 | D:11     | Killed a two-headed ogre
 14529 | D:11     | Reached skill level 12 in Axes
 14650 | D:11     | Noticed a two-headed ogre
 14671 | D:11     | Noticed a green ugly thing
 14704 | D:11     | Reached **** piety under Nemelex Xobeh
 15225 | D:11     | Noticed Harold
 15246 | D:11     | Killed Harold
 15247 | D:11     | Reached skill level 13 in Axes
 15247 | D:11     | Reached skill level 1 in Evocations
 15247 | D:11     | Noticed a manticore
 15262 | D:11     | Killed a manticore
 15265 | D:11     | Slain by a troll

Illustrated notes

Levels and vault maps discovered:
D:1:      spicycebolla_green_bress_n_ham, layout_loops_ring
D:2:      layout_loops_ring
D:3:      layout_loops_cross, hellmonk_ecumenical_altar_inner_sanctum
D:4:      layout_cave_pods, dk_yredelemnul_ordeal
D:5:      layout_loops_ring, nicolae_overflow_hallway_of_the_gods,
          mainiacjoe_overflow_divided_tiny, minmay_temple_entry_antechambers,
          gammafunk_ghost_hive
D:6:      layout_cave_pods, portal_sewer_entry_a, serial_park,
          serial_park_tiny_1, serial_park_avenue1, serial_park_tiny_2,
          serial_park_tiny_2, uniq_crazy_yiuf_cottage
D:7:      layout_cave_pools, minmay_misc_feat_columns,
          serial_library_regret_index_split_case, serial_bayou_crossing
D:8:      layout_basic, serial_shops, nicolae_stop_n_shop_1
D:9:      layout_gridville, nicolae_zig_zag_zippers
D:10:     layout_cave_pools, hellmonk_lair_entry_icy,
          amcnicky_altar_lugonu_corruption
D:11:     layout_roguey, serial_shops, nicolae_shop_tiny_real_fake_doors,
          minmay_diced_spiral, uniq_amaemon, uniq_harold
Temple:   chequers_temple_sunken

Skill      XL: |  1  2  3  4  5  6  7  8  9 10 11 |
---------------+----------------------------------+-----
Unarmed Combat | 3 |  3.5
Fighting       | 2 3 4 5 7 9 10 | 10.0
Stealth        | 1 2 |  2.0
Short Blades   | 1 2 4 5 |  5.3
Shapeshifting  | 4 5 |  5.0
Invocations    | 4 5 |  5.0
Axes           | 1 6 11 13 | 13.1
Evocations     | 1 |  1.7
Dodging        | |  1.7

Action                     |  1- 3 |  4- 6 |  7- 9 | 10-12 || total
---------------------------+-------+-------+-------+-------++-------
  Melee: Unarmed           |   100 |    19 |       |       ||   119
         Headbutt          |    15 |    22 |    60 |    49 ||   146
         Punch             |     2 |     2 |       |       ||     4
         Dagger            |       |   129 |   176 |       ||   305
         Hand axe          |       |       |    86 |   218 ||   304
  Throw: Dart              |     5 |    16 |     4 |     4 ||    29
         Boomerang         |       |       |    34 |    23 ||    57
 Invoke: Draw Destruction  |       |       |     8 |    11 ||    19
         Draw Summoning    |       |       |     2 |       ||     2
         Draw Escape       |       |       |       |     3 ||     3
  Evoke: Wand              |       |     1 |     7 |     7 ||    15
    Use: Scroll            |     4 |     4 |     6 |     6 ||    20
         Potion            |       |       |     4 |     2 ||     6
   Stab: Sleeping          |       |     5 |     6 |       ||    11
 Armour: Animal skin       |    57 |    95 |   207 |   183 ||   542
  Dodge: Dodged            |    38 |    47 |   118 |    82 ||   285
         Form:             |       |       |       |     1 ||     1

Table legend: (Time is in decaauts)
 A = Elapsed time spent in this place.
 B = Non-inter-level travel time spent in this place.
 C = Inter-level travel time spent in this place.
 D = Time resting spent in this place.
 E = Time spent auto-exploring this place.
 F = Levels seen in this place.
 G = Mean time per level.
                   A        B        C        D        E       F      G
               +--------+--------+--------+--------+--------+-----+--------+
         Total |  15220 |  14406 |    814 |   5257 |   6398 |  13 | 1170.8 |
       Dungeon |  14667 |  13853 |    814 |   5009 |   6265 |  11 | 1333.4 |
        Temple |      1 |      1 |      0 |      0 |      0 |   1 |    1.0 |
         Sewer |    551 |    551 |      0 |    248 |    133 |   1 |  551.0 |
               +--------+--------+--------+--------+--------+-----+--------+

Top non-repeatable levels by time:
     D:9: 2667 daAuts
     D:6: 2398 daAuts
    D:10: 1829 daAuts
     D:8: 1223 daAuts
     D:2: 1147 daAuts
     D:5: 1130 daAuts
     D:7: 1034 daAuts
     D:4: 971 daAuts
     D:3: 786 daAuts
     D:1: 774 daAuts
    D:11: 702 daAuts
   Sewer: 551 daAuts
  Temple: 1 daAuts
